AoeStats
← Reis

Arabia

505077147Analyzed
4v4 RM · 26d ago on Sep 7, 2026· 19m 51s· 8 players
Game mode
Random Map
Map size
Large (8 player)
Population
200
Speed
Normal
Resources
Standard
Victory
Conquest
Starting age
Dark Age
Ending age
Imperial Age
RankedLock teamsTeams togetherTeam positionsShared explorationLock speedFull tech treeHidden civsTurbo modeCheats
Victory
Defeat
🇨🇳 Maya · China
1567
+12
🇨🇳 Slavs · China
1523
+13
🇵🇾 Vietnamese · Paraguay
1446
+17
🇨🇭 Bulgarians · Switzerland
1414
+18
🇮🇱 Ethiopians · Israel
1472
-15
🇪🇸 Koreans · Spain
1468
-15
🇨🇳 Magyars · China
1456
-15
🇩🇪 Hindustanis · Germany
1454
-15
逸丶然
5:42 Loom
9:04 Feudal Age
9:44 Double-Bit Axe
11:15 Horse Collar
16:50 Scale Barding Armor
Erg_Raider
5:59 Loom
9:09 Feudal Age
9:52 Double-Bit Axe
10:09 Horse Collar
16:17 Scale Barding Armor
21:47 Castle Age
Wavelogic
6:34 Loom
9:47 Feudal Age
10:51 Double-Bit Axe
12:24 Horse Collar
16:25 Fletching
Álvaro de Bazán
7:26 Loom
9:41 Feudal Age
11:00 Double-Bit Axe
14:16 Fletching
Reis
10:14 Feudal Age
10:09 Loom
15:45 Castle Age
19:20 Scale Barding Armor
20:30 Forging
Hyacine
7:13 Loom
9:18 Feudal Age
10:23 Double-Bit Axe
16:59 Bloodlines
16:59 Scale Barding Armor
18:22 Forging
18:31 Horse Collar
22:27 Castle Age
DonNarko
6:51 Loom
9:21 Feudal Age
9:51 Double-Bit Axe
13:22 Fletching
15:36 Horse Collar
18:37 Padded Archer Armor
21:00 Wheelbarrow
i no hotkey
0:28 Loom
9:34 Feudal Age
12:38 Fletching
Connection lost

Rejoining the realm…

Still unreachable

The connection could not be restored.

Session expired

The server has moved on; the page needs a fresh start.